 Dungeon Crawl Stone Soup version 0.29-a0-330-g52719c12eb (webtiles) character file.

Game seed: 11341061021784152351

349 Gwenloh the Cudgeller (level 6, -10/53 HPs)
             Began as a Gnoll Cinder Acolyte on May 21, 2022.
             Was a High Priest of Ignis.
             Mangled by an acid dragon (11 damage)
             ... on level 4 of the Dungeon.
             The game lasted 00:08:43 (3804 turns).

Gwenloh the Cudgeller (Gnoll Cinder Acolyte)        Turns: 3804, Time: 00:08:44

Health: -10/53     AC:  1    Str: 13    XL:     6   Next: 60%
Magic:  9/11       EV: 12    Int: 14    God:    Ignis [*****.]
Gold:   194        SH:  0    Dex:  9    Spells: 9/11 levels left

rFire   + . .      SeeInvis .   a - +4 quarterstaff (chaos)
rCold   . . .      Faith    .   (shield currently unavailable)
rNeg    . . .      Spirit   .   d - +0 robe
rPois   .          Reflect  .   (no helmet)
rElec   .          Harm     .   A - +2 cloak {Will+}
rCorr   .          Rampage  .   (no gloves)
Will    +....                   (no boots)
Stlth   ++........              (no amulet)
HPRegen 0.17/turn               (no ring)
MPRegen 0.12/turn               (no ring)

@: corroded
A: fangs 1, strong nose, distributed training
a: Renounce Religion, Fiery Armour, Foxfire Swarm, Rising Flame


You were on level 4 of the Dungeon.
You worshipped Ignis.
Ignis was extremely pleased with you.
You visited 1 branch of the dungeon, and saw 4 of its levels.

You collected 194 gold pieces.

Inventory:

Hand Weapons
 a - a +4 quarterstaff of chaos (weapon)
 b - a +0 hunting sling
 n - a -1 mace of flaming
 z - a +2 dagger of venom
Armour
 c - a +0 cloak
 d - a +0 robe (worn)
 A - a +2 cloak of willpower (worn)
Jewellery
 h - a ring of flight
 l - a ring of poison resistance
Scrolls
 e - a scroll of blinking
 f - 3 scrolls of enchant armour
 g - a scroll of immolation
 k - 2 scrolls of holy word
 m - a scroll of noise
 o - 2 scrolls of amnesia
 p - a scroll of fear {unknown}
 r - a scroll of teleportation {unknown}
 u - a scroll of vulnerability {unknown}
 v - a scroll of fog {unknown}
 y - a scroll of magic mapping {unknown}
 B - 2 scrolls of silence {unknown}
Potions
 i - a potion of cancellation {unknown}
 j - a potion of magic {unknown}
 q - a potion of haste
 s - a potion of degeneration {unknown}
 t - a potion of curing {unknown}
 w - a potion of mutation {unknown}
 x - a potion of might {unknown}


   Skills:
 + Level 6.8 Fighting
 + Level 2.0 Short Blades
 + Level 2.0 Long Blades
 + Level 2.0 Axes
 + Level 6.8 Maces & Flails
 + Level 2.0 Polearms
 + Level 2.0 Staves
 + Level 2.0 Slings
 + Level 2.0 Bows
 + Level 2.0 Crossbows
 + Level 2.0 Throwing
 + Level 2.0 Armour
 + Level 2.0 Dodging
 + Level 2.0 Stealth
 + Level 2.0 Shields
 + Level 2.0 Unarmed Combat
 + Level 3.4 Spellcasting
 + Level 1.6 Conjurations
 + Level 1.6 Hexes
 + Level 1.6 Summonings
 + Level 1.6 Necromancy
 + Level 1.6 Translocations
 + Level 1.6 Transmutations
 + Level 5.7 Fire Magic
 + Level 1.6 Ice Magic
 + Level 1.6 Air Magic
 + Level 1.6 Earth Magic
 + Level 1.6 Poison Magic
 + Level 2.2 Invocations
 + Level 2.0 Evocations


You had 9 spell levels left.
You knew the following spells:

 Your Spells              Type           Power      Damage    Failure   Level
a - Scorch                Fire           36%        2d6       3%          2

Your spell library contained the following spells:

 Spells                   Type           Power      Damage    Failure   Level


Dungeon Overview and Level Annotations

Branches:
Dungeon (4/15)             Temple (0/1) D:4

Altars:


Innate Abilities, Weirdness & Mutations

You have very sharp teeth.
Your uncanny sense of smell can sniff out nearby items.
Your experience applies equally to all skills.


Message History

You open the door.
There is an open door here.
w - a bubbling orange potion An ufetubus comes into view.
You shoot a sling bullet. The sling bullet hits the ufetubus.
The ufetubus shouts!
The ufetubus is heavily wounded.
You hear a roar!
You shoot a sling bullet. The sling bullet misses the ufetubus.
Casting: Scorch (safe; 3% risk of failure)
Confirm with . or Enter, or press ? or * to list all spells.
Flames lash the ufetubus.
The ufetubus is burned terribly!
You kill the ufetubus!
An acid dragon comes into view.
You shoot a sling bullet. The acid dragon roars!
The sling bullet hits the acid dragon.
The acid dragon is lightly wounded.
The acid dragon spits acid at you. The splash of acid hits you!!
Your +4 quarterstaff of chaos is briefly surrounded by a scintillating aura of random colours.
a - a +4 quarterstaff of chaos (weapon)
You barely miss the acid dragon.
The acid dragon is lightly wounded.
The acid dragon barely misses you. x2
You sock the acid dragon! You burn the acid dragon.
The acid dragon is severely wounded.
The acid dragon spits acid at you. The splash of acid hits you!!
Ouch! That really hurt!
* * * LOW HITPOINT WARNING * * *
The acid corrodes you!
Casting: Scorch (safe; 3% risk of failure)
Confirm with . or Enter, or press ? or * to list all spells.
Flames lash the acid dragon.
The acid dragon is severely wounded.
The acid dragon's fire resistance burns away.
You hear the slow rusting of a drain nearby.
The acid dragon bites you!
You die...

#+#####...
#......D#
#D######..
#.@#####
#......#
##.#####
#.# ∆ #.#
#.## #..#
##.# #.##


You could see an acid dragon (catching breath, combustible).

Vanquished Creatures
  A black bear (D:3)
  A necrophage (D:3)
  Jessica (D:3)
  Crazy Yiuf (D:3)
  An orc wizard (D:3)
  7 adders
  An ufetubus (D:4)
  5 orcs
  5 bats
  7 endoplasms
  2 giant cockroaches
  5 goblins
  3 hobgoblins
  2 jackals (D:1)
  4 quokkas
  2 ball pythons
  4 frilled lizards
  5 kobolds
  5 rats
62 creatures vanquished.

Notes
Turn   | Place    | Note
-------+----------+-------------------------------------------
     0 | D:1      | Gwenloh the Gnoll Cinder Acolyte began the quest for the
                  | Orb.
     0 | D:1      | Reached XP level 1. HP: 23/23 MP: 4/4
   169 | D:1      | Reached XP level 2. HP: 28/29 MP: 5/5
   172 | D:1      | Learned a level 2 spell: Scorch
   581 | D:1      | Found a faded altar of an unknown god.
  1143 | D:2      | Reached XP level 3. HP: 33/35 MP: 0/7
  1418 | D:2      | Reached skill level 1 in Invocations
  1730 | D:2      | Reached skill level 1 in Short Blades
  1730 | D:2      | Reached skill level 1 in Long Blades
  1730 | D:2      | Reached skill level 1 in Axes
  1730 | D:2      | Reached skill level 1 in Polearms
  1730 | D:2      | Reached skill level 1 in Staves
  1730 | D:2      | Reached skill level 1 in Slings
  1730 | D:2      | Reached skill level 1 in Bows
  1730 | D:2      | Reached skill level 1 in Crossbows
  1730 | D:2      | Reached skill level 1 in Throwing
  1730 | D:2      | Reached skill level 1 in Armour
  1730 | D:2      | Reached skill level 1 in Dodging
  1730 | D:2      | Reached skill level 1 in Stealth
  1730 | D:2      | Reached skill level 1 in Shields
  1730 | D:2      | Reached skill level 1 in Unarmed Combat
  1730 | D:2      | Reached skill level 1 in Evocations
  1991 | D:2      | Reached XP level 4. HP: 40/41 MP: 3/8
  2237 | D:3      | Noticed Jessica
  2475 | D:3      | Noticed a necrophage
  2599 | D:3      | Reached skill level 1 in Conjurations
  2599 | D:3      | Reached skill level 1 in Hexes
  2599 | D:3      | Reached skill level 1 in Summonings
  2599 | D:3      | Reached skill level 1 in Necromancy
  2599 | D:3      | Reached skill level 1 in Translocations
  2599 | D:3      | Reached skill level 1 in Transmutations
  2599 | D:3      | Reached skill level 1 in Ice Magic
  2599 | D:3      | Reached skill level 1 in Air Magic
  2599 | D:3      | Reached skill level 1 in Earth Magic
  2599 | D:3      | Reached skill level 1 in Poison Magic
  2737 | D:3      | Killed Jessica
  2738 | D:3      | Reached XP level 5. HP: 47/47 MP: 4/9
  2902 | D:3      | Noticed a black bear
  3007 | D:3      | Reached XP level 6. HP: 53/53 MP: 7/10
  3074 | D:3      | Found a runed translucent door.
  3075 | D:3      | Noticed Crazy Yiuf
  3371 | D:3      | Killed Crazy Yiuf
  3529 | D:3      | Killed a black bear
  3712 | D:4      | Found a staircase to the Ecumenical Temple.
  3793 | D:4      | Noticed an acid dragon
  3803 | D:4      | HP: 1/53 [acid dragon/splash of acid (34)]
  3804 | D:4      | Mangled by an acid dragon

Illustrated notes

Levels and vault maps discovered:
D:1:      lemuel_arrival_funnel, layout_basic,
          dilly_ecumenical_altar_fadedgnrine, minmay_tromino_v2
D:2:      layout_loops_ring
D:3:      layout_basic, uniq_crazy_yiuf_cottage, uniq_jessica
D:4:      layout_basic, grunt_nemelex_the_gamble, mainiacjoe_overflow_paths,
          minmay_temple_entry_tees, portal_sewer_entry_d,
          kennysheep_opposing_triangles

Skill      XL: |  1  2  3  4  5  6 |
---------------+-------------------+-----
Invocations    | 1 2 |  2.2
Short Blades   | 1 2 |  2.0
Long Blades    | 1 2 |  2.0
Axes           | 1 2 |  2.0
Polearms       | 1 2 |  2.0
Staves         | 1 2 |  2.0
Slings         | 1 2 |  2.0
Bows           | 1 2 |  2.0
Crossbows      | 1 2 |  2.0
Throwing       | 1 2 |  2.0
Armour         | 1 2 |  2.0
Dodging        | 1 2 |  2.0
Stealth        | 1 2 |  2.0
Shields        | 1 2 |  2.0
Unarmed Combat | 1 2 |  2.0
Evocations     | 1 2 |  2.0
Spellcasting   | 3 |  3.4
Conjurations   | 1 |  1.6
Hexes          | 1 |  1.6
Summonings     | 1 |  1.6
Necromancy     | 1 |  1.6
Translocations | 1 |  1.6
Transmutations | 1 |  1.6
Ice Magic      | 1 |  1.6
Air Magic      | 1 |  1.6
Earth Magic    | 1 |  1.6
Poison Magic   | 1 |  1.6
Fighting       | |  6.8
Maces & Flails | |  6.8
Fire Magic     | |  5.7

Action                   |  1- 3 |  4- 6 || total
-------------------------+-------+-------++-------
Melee: Mace              |    11 |       ||    11
       Bite              |     1 |       ||     1
       Dagger            |       |     6 ||     6
       Quarterstaff      |       |     3 ||     3
 Fire: Hunting sling     |    37 |    45 ||    82
 Cast: Scorch            |    24 |    39 ||    63
  Use: Scroll            |       |     6 ||     6
Armor: Robe              |     7 |    13 ||    20
Dodge: Dodged            |    12 |    32 ||    44

Table legend: (Time is in decaauts)
 A = Elapsed time spent in this place.
 B = Non-inter-level travel time spent in this place.
 C = Inter-level travel time spent in this place.
 D = Time resting spent in this place.
 E = Time spent auto-exploring this place.
 F = Levels seen in this place.
 G = Mean time per level.
                   A        B        C        D        E       F      G
               +--------+--------+--------+--------+--------+-----+--------+
         Total |   3835 |   3580 |    255 |    173 |   2850 |   4 |  958.8 |
       Dungeon |   3835 |   3580 |    255 |    173 |   2850 |   4 |  958.8 |
               +--------+--------+--------+--------+--------+-----+--------+

Top non-repeatable levels by time:
     D:2: 1357 daAuts
     D:3: 1210 daAuts
     D:1: 1065 daAuts
     D:4: 201 daAuts
